 Dungeon Crawl Stone Soup version 0.28-a0-793-g31680bbd8b (webtiles) character file.

Game seed: 8677524656973528711

109 ytrimaz the Conjurer (level 4, -4/27 HPs)
             Began as an Octopode Conjurer on Nov 3, 2021.
             Slain by an orc (10 damage)
             ... on level 3 of the Dungeon.
             The game lasted 00:01:30 (2643 turns).

ytrimaz the Conjurer (Octopode Conjurer)            Turns: 2643, Time: 00:01:31

Health: -4/27      AC:  1    Str:  6    XL:     4   Next: 89%
Magic:  6/8        EV: 13    Int: 21    God:
Gold:   99         SH:  0    Dex: 10    Spells: 7/8 levels left

rFire   . . .      SeeInvis +   k - +2 dagger (drain)
rCold   . . .      Faith    .   (no shield)
rNeg    . . .      Spirit   .   (helmet restricted)
rPois   .          Reflect  .   (no amulet)
rElec   .          Harm     .   j - ring of see invisible
rCorr   .          Rampage  .   (no ring)
Will    .....                   (no ring)
Stlth   +++.......              (no ring)
HPRegen 0.09/turn               (no ring)
MPRegen 0.11/turn               (no ring)
                                (no ring)
                                (no ring)

@: no status effects
A: almost no armour, amphibious, 8 rings, camouflage 1, gelatinous body 1,
(nimble swimmer 1), tentacles
a: no special abilities


You were on level 3 of the Dungeon.
You visited 1 branch of the dungeon, and saw 4 of its levels.

You collected 99 gold pieces.

Inventory:

Hand Weapons
 k - a +2 dagger of draining (weapon)
Jewellery
 j - a ring of see invisible (left tentacle)
Wands
 d - a wand of iceblast (5)
 f - a wand of flame (23)
Scrolls
 a - 2 scrolls of noise {unknown}
 c - 2 scrolls of identify {unknown}
 e - a scroll of torment {unknown}
 h - a scroll of magic mapping {unknown}
Potions
 b - a potion of haste {unknown}
 g - a potion of curing {unknown}
 i - a potion of resistance {unknown}


   Skills:
 * Level 2.6 Dodging
 - Level 2.6 Stealth
 * Level 2.8 Spellcasting
 + Level 5.2 Conjurations


You had 7 spell levels left.
You knew the following spells:

 Your Spells              Type           Power      Damage    Failure   Level
a - Magic Dart            Conj           100%       1d8       1%          1

Your spell library contained the following spells:

 Spells                   Type           Power      Damage    Failure   Level
 Searing Ray              Conj           50%        2d6       2%          2
 Freeze                   Ice            8%         1d3       14%         1
 Conjure Flame            Conj/Fire      14%        6-21      14%         3
 Dazzling Flash           Conj/Hex       28%        N/A       14%         3
 Frozen Ramparts          Ice            4%         1d2       38%         3
 Ignite Poison            Fire/Tmut/Pois 2%         N/A       38%         3
 Fulminant Prism          Conj/Hex       7%         3d7       41%         4
 Hailstorm                Conj/Ice       14%        3d5       41%         4
 Iskenderun's Mystic Bla  Conj/Tloc      14%        2d5       41%         4
 Sticky Flame             Conj/Fire      14%        2d4       41%         4


Dungeon Overview and Level Annotations

Branches:
Dungeon (4/15)
 Temple: D:4-7

Altars:


Innate Abilities, Weirdness & Mutations

You cannot wear most types of armour.
You are amphibious.
You can wear up to eight rings at the same time.
Your skin changes colour to match your surroundings (Stealth+).
Your rubbery body absorbs attacks. (AC +1, EV +1)
((You are camouflaged near water. (Stealth+)))
You have tentacles for arms and can constrict up to eight enemies at once.


Message History

The orc shouts!
An orc comes into view. It is wielding a +0 mace.
An orc comes into view. It is wielding a +0 short sword.
The magic dart hits the orc.
The orc is moderately wounded.
The orc shouts!
An orc wizard comes into view. It is wielding a +0 dagger.
An orc comes into view. It is wielding a +0 club.
The magic dart hits the orc.
The orc is almost dead.
The orc shouts!
The orc throws a boomerang.
The boomerang hits you.
An orc wizard comes into view. It is wielding a +0 dagger.
The orc wizard mumbles some strange words.
The orc wizard flickers and vanishes for a moment.
The orc throws a boomerang.
The boomerang hits you.
Your magical contamination has completely faded away.
There is an open door here.
There is a stone staircase leading down here.
You climb downwards.
There is a stone staircase leading up here.
You start resting.
Magic restored.
You climb upwards.
The orc closely misses you.
There is a stone staircase leading down here.
Unknown command.
The magic dart hits the orc.
The orc is heavily wounded.
The orc hits you with a +0 flail!
The magic dart hits the orc.
The orc is almost dead.
The orc barely misses you.
The orc wizard mumbles some strange words.
The orc wizard flickers and vanishes for a moment.
The orc hits you with a +0 flail!
* * * LOW HITPOINT WARNING * * *
The orc wizard gestures wildly while chanting.
The orc wizard flickers and vanishes for a moment.
The orc hits you but does no damage. The orc hits you with a +0 flail!
You die...

......#........#
......'........#
#######....##'#########
..# #.....#..........
..# ##....#..........
..# #....#.......... ###
#....#.#########
########......####
.(.............o@#
###....†.....###o#######
#..........#.oo......#
#..........#.oo......#
#....................#
#....................#
......................#
....########..........#
...# ........#.###


You could see 2 orc wizards and 4 orcs.

Vanquished Creatures
  3 adders (D:2)
  3 gnolls (D:2)
  An ufetubus (D:3)
  A worm (D:3)
  A dart slug (D:2)
  2 orcs (D:3)
  2 endoplasms
  A giant cockroach (D:2)
  A goblin (D:1)
  5 hobgoblins
  3 quokkas
  7 ball pythons
  3 bats
  2 frilled lizards
  4 kobolds
  5 rats
44 creatures vanquished.

Notes
Turn   | Place    | Note
-------+----------+-------------------------------------------
     0 | D:1      | ytrimaz the Octopode Conjurer began the quest for the Orb.
     0 | D:1      | Reached XP level 1. HP: 11/11 MP: 3/3
   513 | D:1      | Reached XP level 2. HP: 17/17 MP: 3/5
   690 | D:1      | Found a faded altar of an unknown god.
  1260 | D:2      | Reached XP level 3. HP: 21/21 MP: 3/6
  1476 | D:2      | Reached XP level 4. HP: 18/27 MP: 0/7
  1692 | D:2      | Reached skill level 5 in Conjurations
  2643 | D:3      | Slain by an orc

Illustrated notes

Levels and vault maps discovered:
D:1:      minmay_arrival_glassed_features, layout_loops_corners,
          shapermc_ecumenical_altar_mp_urbaneastern
D:2:      layout_loops_ring
D:3:      layout_basic
D:4:      kennysheep_big_flooded_room, layout_loops_corners,
          gammafunk_ghost_nasty_kobolds

Skill      XL: |  1  2  3  4 |
---------------+-------------+-----
Conjurations   | 5 |  5.2
Dodging        | |  2.6
Stealth        | |  2.6
Spellcasting   | |  2.8

Action                   |  1- 3 |  4- 6 || total
-------------------------+-------+-------++-------
Melee: Unarmed           |     4 |       ||     4
       Constrict         |     2 |       ||     2
       Tentacles         |     1 |       ||     1
 Cast: Magic Dart        |    42 |    44 ||    86
Armor: Skin              |       |     1 ||     1
Dodge: Dodged            |     5 |     5 ||    10

Table legend: (Time is in decaauts)
 A = Elapsed time spent in this place.
 B = Non-inter-level travel time spent in this place.
 C = Inter-level travel time spent in this place.
 D = Time resting spent in this place.
 E = Time spent auto-exploring this place.
 F = Levels seen in this place.
 G = Mean time per level.
                   A        B        C        D        E       F      G
               +--------+--------+--------+--------+--------+-----+--------+
         Total |   2641 |   2589 |     52 |    224 |   2144 |   4 |  660.2 |
       Dungeon |   2641 |   2589 |     52 |    224 |   2144 |   4 |  660.2 |
               +--------+--------+--------+--------+--------+-----+--------+

Top non-repeatable levels by time:
     D:2: 1108 daAuts
     D:1: 993 daAuts
     D:3: 504 daAuts
     D:4: 35 daAuts
